 Dungeon Crawl Stone Soup version 0.21.1-1-g345015f (webtiles) character file.

13524 prawnwizard the Cleaver (level 11, -2/150 (151) HPs)
             Began as a Minotaur Berserker on July 16, 2018.
             Was a High Priest of Trog.
             Slain by an ettin
             ... wielding a +0 dire flail
              (20 damage)
             ... on level 11 of the Dungeon.
             The game lasted 00:13:36 (11673 turns).

prawnwizard the Cleaver (Minotaur Berserker)       Turns: 11673, Time: 00:13:36

HP:   -2/150 (151)  AC: 11    Str: 29    XL:     11   Next: 76%
MP:   10/10         EV: 13    Int:  4    God:    Trog [*****.]
Gold: 526           SH:  0    Dex: 11    Spells: 10/10 levels left

rFire    . . .     SeeInvis .   f - +1 executioner's axe (flame)
rCold    . . .     Gourm    .   (shield currently unavailable)
rNeg     . . .     Faith    .   m - +0 chain mail
rPois    .         Spirit   .   (helmet restricted)
rElec    .         Reflect  .   (no cloak)
rCorr    .         Harm     .   (no gloves)
MR       .....                  (no boots)
Stlth    ..........             (no amulet)
HPRegen  0.35/turn              (no ring)
MPRegen  0.12/turn              (no ring)

@: berserking, very quick
A: retaliatory headbutt, horns 2
a: Berserk, Trog's Hand, Brothers in Arms, Burn Spellbooks, Renounce Religion


You were on level 11 of the Dungeon.
You worshipped Trog.
Trog was extremely pleased with you.
You were hungry.

You visited 1 branch of the dungeon, and saw 11 of its levels.

You collected 526 gold pieces.

Inventory:

Hand Weapons
 b - a +0 war axe
 f - a +1 executioner's axe of flaming (weapon)
Armour
 m - a +0 chain mail (worn)
Jewellery
 v - an uncursed ring of fire
Scrolls
 e - 4 scrolls of remove curse
 i - 3 scrolls of fear
 k - 2 scrolls of teleportation
 p - a scroll of blinking
 q - a scroll of fog {unknown}
Potions
 d - 2 potions of agility
 g - a potion of brilliance
 h - 5 potions of curing
 j - 4 potions of heal wounds
 l - 5 potions of flight
 n - a potion of haste
 o - a potion of resistance
 r - a potion of degeneration {unknown}
 s - a potion of berserk rage {unknown}
 t - 2 potions of magic
 z - a potion of lignification {unknown}
Comestibles
 a - 3 chunks of flesh
 c - 29 rations


   Skills:
 + Level 10.8 Fighting
 * Level 14.3 Axes
 + Level 10.5 Armour
 + Level 9.7 Dodging


You had 10 spell levels left.
You didn't know any spells.

Dungeon Overview and Level Annotations

Branches:
Dungeon (11/15)            Temple (0/1) D:7            Lair (0/6) D:8
    Orc (0/2) D:10

Altars:
Ashenzari
Dithmenos
Elyvilon
Fedhas
Kikubaaqudgha
Nemelex Xobeh
Okawaru
Qazlal
Ru
Sif Muna
Trog
Uskayaw
Vehumet
Yredelemnul
Beogh

Shops:
D:7 }


Innate Abilities, Weirdness & Mutations

You reflexively headbutt those who attack you in melee.
You have a pair of horns on your head.


Message History

The ettin hits you with a dire flail!!
You hit the ettin. You burn the ettin.
You headbutt the ettin, but do no damage.
The ettin is lightly wounded.
The ettin barely misses you. x2
A red film seems to cover your vision as you go berserk!
You feel yourself moving faster!
You feel mighty!
You are feeling hungry.
The ettin hits you with a dire flail!
* * * LOW HITPOINT WARNING * * *
The ettin hits you with a dire flail!
* * * LOW HITPOINT WARNING * * *
You barely miss the ettin. You headbutt the ettin!!
The ettin is moderately wounded.
You slice the ettin!! You burn the ettin!
The ettin is almost dead.
The ettin hits you with a dire flail.
* * * LOW HITPOINT WARNING * * *
The ettin hits you with a dire flail!!
You die...

#####.############# #..#....
))..#..........##.########.#.####
##).).).######.#.#.........#.# #
##..###.........###.########.####
##..# #........## ##.............
#### ########## ############## ##
### ### ###
#8###8###8###8###8######.#
.......SC@......'.....'..#
#8###8#h#8###8###8#.###..#
######.###########'# #
#....hS.....###.##.#
................)##.#
#8...........8##.##.####
.................##....#
.......⌠.......#.##..8.#
...............'(##....#.#


You could see an ettin, a black bear and an adder.

Vanquished Creatures
  3 two-headed ogres
  Urug (D:11)
  The ghost of raskol the Basher, a novice OgWn of Hepliaklqana (D:9)
  3 unseen horrors
  Pikel (D:7)
  The ghost of Soup the Shield-Bearer, an amateur GnFi (D:4)
  2 hornets
  2 trolls
  Prince Ribbit (D:5)
  A hippogriff (D:7)
  A wraith (D:11)
  4 yaks (D:11)
  4 hogs (D:7)
  A human (D:7)
  A wyvern (D:9)
  Menkaure (D:7)
  2 water moccasins
  A porcupine (D:8)
  2 sky beasts
  A slave (D:7)
  6 orc warriors
  An ice beast (D:6)
  2 black bears (D:7)
  7 ogres
  An eye of draining (D:10)
  A phantom (D:5)
  2 centaurs
  2 necrophages
  A crocodile (D:8)
  8 bullfrogs
  2 big kobolds
  2 scorpions
  A water moccasin skeleton (D:5)
  A wyvern skeleton (D:11)
  A troll skeleton (D:9)
  2 howler monkeys (D:8)
  A spriggan skeleton (D:9)
  5 crimson imps
  2 bullfrog zombies
  2 jellies (D:6)
  4 centaur skeletons (D:9)
  4 hounds
  5 orc wizards
  5 orc priests
  A bullfrog skeleton (D:6)
  11 worker ants
  Natasha (thrice) (D:4)
  3 iguanas
  2 hound zombies
  7 gnolls (D:6)
  A worker ant zombie (D:6)
  12 adders
  2 shadow imps
  2 oozes
  3 worms
  A dart slug (D:1)
  3 leopard geckos
  38 orcs
  A ball python (D:1)
  9 bats
  6 giant cockroaches
  7 hobgoblins
  10 jackals
  3 quokkas
  5 frilled lizards
  A giant cockroach zombie (D:5)
  6 goblins
  13 kobolds
  A leopard gecko skeleton (D:6)
  A quokka zombie (D:6)
  9 rats
  A fungus (D:8)
264 creatures vanquished.

Vanquished Creatures (collateral kills)
  A two-headed ogre (D:11)
  An orc warrior (D:10)
  A leopard gecko (D:11)
  An orc (D:10)
4 creatures vanquished.

Vanquished Creatures (others)
  A hippogriff (D:11)
  An acid dragon (D:11)
  A jelly (D:11)
  An adder zombie (D:7)
  An orc (D:10)
  4 bushes (D:11)
  9 plants (D:11)
18 creatures vanquished.

Grand Total: 286 creatures vanquished

Notes
Turn   | Place    | Note
-------+----------+-------------------------------------------
     0 | D:1      | prawnwizard the Minotaur Berserker began the quest for the Orb.
     0 | D:1      | Reached XP level 1. HP: 19/19 MP: 0/0
   136 | D:1      | Reached XP level 2. HP: 27/27 MP: 1/1
   146 | D:1      | Reached skill level 4 in Axes
   309 | D:1      | Reached ** piety under Trog
   438 | D:1      | Reached XP level 3. HP: 33/33 MP: 2/2
  1483 | D:2      | Found a sacrificial altar of Ru.
  1714 | D:3      | Found a blossoming altar of Fedhas.
  1778 | D:3      | Reached XP level 4. HP: 23/40 MP: 3/3
  1975 | D:3      | Found a shattered altar of Ashenzari.
  1980 | D:3      | Saw a vision of the Shoals and the Spider Nest.
  1980 | D:3      | Noticed a redback
  1980 | D:3      | Noticed a hippogriff
  1980 | D:3      | Noticed a merfolk
  1980 | D:3      | Noticed a merfolk
  1980 | D:3      | Noticed a redback
  1980 | D:3      | Noticed a hornet
  1980 | D:3      | Noticed a sea snake
  1980 | D:3      | Noticed a redback
  1980 | D:3      | Noticed a sea snake
  1980 | D:3      | Noticed a sea snake
  1980 | D:3      | Noticed a redback
  1980 | D:3      | Noticed a wolf spider
  1980 | D:3      | Noticed a merfolk
  1980 | D:3      | Noticed a merfolk siren
  1980 | D:3      | Noticed a sea snake
  2011 | D:3      | Found a stormy altar of Qazlal.
  2130 | D:3      | Found an iron altar of Okawaru.
  2131 | D:3      | Found a bloodstained altar of Trog.
  2206 | D:4      | Reached skill level 5 in Axes
  2236 | D:4      | Reached XP level 5. HP: 36/47 MP: 4/4
  2251 | D:4      | Reached *** piety under Trog
  2399 | D:4      | Noticed Natasha
  2401 | D:4      | Killed Natasha
  2412 | D:4      | Noticed an ogre
  2418 | D:4      | Killed an ogre
  2418 | D:4      | Reached skill level 6 in Axes
  2418 | D:4      | Reached XP level 6. HP: 24/55 MP: 5/5
  2564 | D:4      | Reached skill level 5 in Fighting
  2648 | D:4      | Noticed Natasha
  2653 | D:4      | Killed Natasha
  2829 | D:4      | Noticed Natasha
  2831 | D:4      | Killed Natasha
  3074 | D:5      | Entered Level 5 of the Dungeon
  3074 | D:5      | Found a basalt altar of Yredelemnul.
  3082 | D:5      | Noticed Prince Ribbit
  3094 | D:5      | Killed Prince Ribbit
  3094 | D:5      | Reached skill level 7 in Axes
  3094 | D:5      | Reached XP level 7. HP: 39/61 MP: 6/6
  3141 | D:4      | Noticed Soup's ghost (amateur GnFi)
  3149 | D:4      | Killed Soup's ghost
  3149 | D:4      | Reached skill level 5 in Armour
  3282 | D:5      | Reached XP level 8. HP: 66/70 MP: 7/7
  3284 | D:5      | Reached skill level 8 in Axes
  3333 | D:5      | Reached skill level 5 in Dodging
  3511 | D:5      | Reached **** piety under Trog
  3889 | D:6      | Reached skill level 9 in Axes
  4534 | D:6      | Found a sparkling altar of Nemelex Xobeh.
  4872 | D:6      | Reached XP level 9. HP: 79/79 MP: 8/8
  5200 | D:6      | Found a white marble altar of Elyvilon.
  5504 | D:7      | Reached skill level 10 in Axes
  6013 | D:7      | Noticed Menkaure
  6018 | D:7      | Killed Menkaure
  6109 | D:7      | Noticed Pikel
  6129 | D:7      | Killed Pikel
  6129 | D:7      | Reached skill level 11 in Axes
  6158 | D:7      | Reached XP level 10. HP: 58/89 MP: 9/9
  6334 | D:7      | Found Iquafees's Gadget Emporium.
  6477 | D:7      | Found a staircase to the Ecumenical Temple.
  7078 | D:8      | Found a staircase to the Lair.
  7120 | D:8      | Reached ***** piety under Trog
  7197 | D:8      | Found a shadowy altar of Dithmenos.
  7273 | D:8      | Noticed a two-headed ogre
  7279 | D:8      | Killed a two-headed ogre
  7279 | D:8      | Reached skill level 12 in Axes
  7604 | D:9      | Noticed raskol's ghost (novice OgWn)
  7613 | D:9      | Killed raskol's ghost
  7753 | D:9      | Killed an unseen horror
  8438 | D:9      | Found a hide-covered altar of Uskayaw.
  8440 | D:9      | Found a sacrificial altar of Ru.
  8574 | D:9      | Found an ancient bone altar of Kikubaaqudgha.
  8575 | D:9      | Found a deep blue altar of Sif Muna.
  8577 | D:9      | Found a radiant altar of Vehumet.
  8655 | D:10     | Entered Level 10 of the Dungeon
  8693 | D:10     | Reached XP level 11. HP: 67/98 MP: 10/10
  8733 | D:10     | Reached skill level 13 in Axes
  9110 | D:10     | HP: 4/98 [acid (14)]
  9530 | D:10     | Found a roughly hewn altar of Beogh.
  9530 | D:10     | Found a staircase to the Orcish Mines.
  9536 | D:10     | Reached skill level 10 in Fighting
 10605 | D:11     | Noticed a two-headed ogre
 10611 | D:11     | Killed a two-headed ogre
 10876 | D:11     | Noticed Urug
 10877 | D:11     | Noticed a two-headed ogre
 10894 | D:11     | Killed Urug
 10894 | D:11     | Reached skill level 10 in Armour
 10902 | D:11     | Killed a two-headed ogre
 11084 | D:11     | Noticed a two-headed ogre
 11092 | D:11     | Killed an unseen horror
 11099 | D:11     | Killed a two-headed ogre
 11099 | D:11     | Reached skill level 14 in Axes
 11268 | D:11     | Received a gift from Trog
 11660 | D:11     | Noticed an ettin
 11669 | D:11     | Killed an unseen horror
 11673 | D:11     | Slain by an ettin

Skill      XL: |  1  2  3  4  5  6  7  8  9 10 11 |
---------------+----------------------------------+-----
Axes           | 4 5 6 7 9 11 12 14 | 14.3
Fighting       | 4 5 6 7 8 9 10 | 10.8
Armour         | 3 4 5 6 8 9 10 | 10.5
Dodging        | 3 4 6 7 8 9 |  9.7

Action                   |  1- 3 |  4- 6 |  7- 9 | 10-12 || total
-------------------------+-------+-------+-------+-------++-------
Melee: Hand axe          |    68 |       |       |       ||    68
       Headbutt          |    13 |    19 |    45 |    79 ||   156
       War axe           |     6 |    91 |   216 |   328 ||   641
       Executioner's axe |       |       |       |    23 ||    23
Invok: Berserk           |       |     1 |     1 |     7 ||     9
       Burn Spellbooks   |       |       |     1 |     1 ||     2
       Trog's Hand       |       |       |       |     2 ||     2
       Brothers in Arms  |       |       |       |     2 ||     2
  Use: Scroll            |       |       |    11 |     5 ||    16
 Stab: Sleeping          |     1 |       |       |       ||     1
  Eat: Chunk             |     3 |     4 |    12 |    21 ||    40
       Ration            |       |       |       |     1 ||     1
Armor: Animal skin       |     8 |       |       |       ||     8
       Leather armour    |    11 |       |       |       ||    11
       Chain mail        |       |    56 |    85 |   114 ||   255
Dodge: Dodged            |    50 |    36 |   103 |   157 ||   346
